 Dungeon Crawl Stone Soup version 0.28-a0-674-gdaf460b524 (webtiles) character file.

Game seed: 16318239765288907562

4 cheechan the Ducker (level 1, -1/16 HPs)
             Began as an Octopode Berserker on Oct 17, 2021.
             Was a Follower of Trog.
             Slain by a quokka (4 damage)
             ... on level 1 of the Dungeon.
             The game lasted 00:02:26 (404 turns).

cheechan the Ducker (Octopode Berserker)             Turns: 404, Time: 00:02:27

Health: -1/16      AC:  1    Str: 16    XL:     1   Next: 70%
Magic:  1/1        EV: 13    Int:  9    God:    Trog [*.....]
Gold:   36         SH:  0    Dex: 11    Spells: 0/0 levels left

rFire   . . .      SeeInvis .   a - +0 mace
rCold   . . .      Faith    .   (no shield)
rNeg    . . .      Spirit   .   (helmet restricted)
rPois   .          Reflect  .   (no amulet)
rElec   .          Harm     .   (no ring)
rCorr   .          Rampage  .   (no ring)
Will    .....                   (no ring)
Stlth   ++........              (no ring)
HPRegen 0.05/turn               (no ring)
MPRegen 0.07/turn               (no ring)
                                (no ring)
                                (no ring)

@: no status effects
A: almost no armour, amphibious, 8 rings, camouflage 1, gelatinous body 1,
(nimble swimmer 1), tentacles
a: Renounce Religion, Berserk


You were on level 1 of the Dungeon.
You worshipped Trog.
Trog was aware of your devotion.
You visited 1 branch of the dungeon, and saw 1 of its levels.

You collected 36 gold pieces.

Inventory:

Hand Weapons
 a - a +0 mace (weapon)
Missiles
 c - 22 stones (quivered)
Potions
 b - a potion of magic {unknown}


   Skills:
 + Level 3.1 Fighting
 + Level 3.0 Maces & Flails
 + Level 3.1 Dodging
 + Level 0.1 Stealth


You couldn't memorise any spells.
You didn't know any spells.
Your spell library was empty.

Dungeon Overview and Level Annotations

Branches:
Dungeon (1/15)

Altars:


Innate Abilities, Weirdness & Mutations

You cannot wear most types of armour.
You are amphibious.
You can wear up to eight rings at the same time.
Your skin changes colour to match your surroundings (Stealth+).
Your rubbery body absorbs attacks. (AC +1, EV +1)
((You are camouflaged near water. (Stealth+)))
You have tentacles for arms and can constrict up to eight enemies at once.


Message History

You kill the goblin!
Trog accepts your kill.
Things that are here:
a +0 club; a goblin corpse
There is a staircase leading out of the dungeon here.
There is a staircase leading out of the dungeon here.
Things that are here:
a +0 club; a goblin corpse
Found 15 gold pieces.
You now have 26 gold pieces (gained 15).
A giant cockroach comes into view.
Found 10 gold pieces.
The giant cockroach completely misses you.
You hit the giant cockroach. Your grab misses the giant cockroach.
You squeeze the giant cockroach.
You kill the giant cockroach!
Trog accepts your kill.
You now have 36 gold pieces (gained 10).
A quokka comes into view.
A hobgoblin comes into view.
The quokka closely misses you. The quokka barely misses you.
The quokka bites you. The quokka closely misses you.
You sock the fungus!
The fungus begins to die.
You grab the fungus.
The fungus is lightly damaged.
You constrict the fungus. The quokka closely misses you.
You sock the fungus! You squeeze the fungus!
The fungus is lightly damaged.
You constrict the fungus. The quokka closely misses you.
The quokka bites you but does no damage.
You hit the fungus.
The fungus is moderately damaged.
You constrict the fungus. The quokka bites you.
You hit the fungus.
The fungus is moderately damaged.
You constrict the fungus.
A nearby fungus withers and dies.
You lose your grip on the fungus.
The quokka bites you. x2
* * * LOW HITPOINT WARNING * * *
You barely miss the quokka. Your grab misses the quokka. The quokka bites you.
You die...

#................#
############...#.#
##.##.# #.##.#
..##.# #####.#
#.#####
####.r...##
#...@.....#
#.....P....#
#...PP.♣P...#
#...♣.♣♣♣...#
#..P.♣ ...# #..P♣
g..# ....P ..#
###. ##


You could see a quokka.

Vanquished Creatures
  A giant cockroach (D:1)
  A hobgoblin (D:1)
  A bat (D:1)
  A frilled lizard (D:1)
  A goblin (D:1)
5 creatures vanquished.

Vanquished Creatures (others)
  A fungus (D:1)
1 creature vanquished.

Grand Total: 6 creatures vanquished

Notes
Turn   | Place    | Note
-------+----------+-------------------------------------------
     0 | D:1      | cheechan the Octopode Berserker began the quest for the
                  | Orb.
     0 | D:1      | Reached XP level 1. HP: 16/16 MP: 1/1
   404 | D:1      | Slain by a quokka

Illustrated notes

Levels and vault maps discovered:
D:1:      psy_arrival_radial01, layout_loops_ring,
          dreamdust_ecumenical_altar_grove, patterned_corridor

Action                   || total
-------------------------++-------
Melee: Mace              ||    15
       Constrict         ||     2
       Tentacles         ||     2
 Stab: Sleeping          ||     3
Armor: Skin              ||     2
Dodge: Dodged            ||    15

Table legend: (Time is in decaauts)
 A = Elapsed time spent in this place.
 B = Non-inter-level travel time spent in this place.
 C = Inter-level travel time spent in this place.
 D = Time resting spent in this place.
 E = Time spent auto-exploring this place.
 F = Levels seen in this place.
 G = Mean time per level.
                   A        B        C        D        E       F      G
               +--------+--------+--------+--------+--------+-----+--------+
         Total |    407 |    407 |      0 |     28 |      0 |   1 |  407.0 |
       Dungeon |    407 |    407 |      0 |     28 |      0 |   1 |  407.0 |
               +--------+--------+--------+--------+--------+-----+--------+

Top non-repeatable levels by time:
     D:1: 407 daAuts
